 Dungeon Crawl Stone Soup version 0.29-a0-341-g24ffce5b50 (webtiles) character file.

Game seed: 10491367262599510093

3469 spaghetti the Covert (level 10, -4/72 HPs)
             Began as an Octopode Berserker on Apr 20, 2022.
             Was a Priest of Trog.
             Slain by a killer bee (9 damage)
             ... on level 8 of the Dungeon.
             The game lasted 00:10:05 (8601 turns).

spaghetti the Covert (Octopode Berserker)           Turns: 8601, Time: 00:10:07

Health: -4/72      AC:  1    Str: 17    XL:     10   Next: 6%
Magic:  19/19      EV: 16    Int:  9    God:    Trog [***...]
Gold:   419        SH:  0    Dex: 12    Spells: 9/9 levels left

rFire   . . .      SeeInvis +   h - +11 quarterstaff of the Hurling Gods {vamp, MP+9 Dex-4 SInv, staff}
rCold   . . .      Faith    .   (shield currently unavailable)
rNeg    . . .      Spirit   .   (helmet restricted)
rPois   .          Reflect  .   x - amulet of the acrobat
rElec   .          Harm     .   (no ring)
rCorr   .          Rampage  .   (no ring)
Will    ++...                   (no ring)
Stlth   +++++.....              (no ring)
HPRegen 1.22/turn               (no ring)
MPRegen 0.16/turn               (no ring)
                                (no ring)
                                (no ring)

@: lethally poisoned (-4 -> -9), strong-willed, regenerating
A: almost no armour, amphibious, 8 rings, camouflage 1, gelatinous body 1,
(nimble swimmer 1), tentacles, screaming 1
a: Renounce Religion, Berserk, Trog's Hand


You were on level 8 of the Dungeon.
You worshipped Trog.
Trog was most pleased with you.
You visited 1 branch of the dungeon, and saw 8 of its levels.

You collected 419 gold pieces.


Innate Abilities, Weirdness & Mutations

You cannot wear most types of armour.
You are amphibious.
You can wear up to eight rings at the same time.
Your skin changes colour to match your surroundings (Stealth+).
Your rubbery body absorbs attacks. (AC +1, EV +1)
((You are camouflaged when in or above water. (Stealth+)))
You have tentacles for arms and can constrict up to eight enemies at once.
You occasionally shout uncontrollably at your foes.


   Skills:
 * Level 8.0 Fighting
 - Level 4.2 Short Blades
 - Level 0.2 Staves
 + Level 4.6 Throwing
 * Level 8.7 Dodging
 + Level 9.2 Stealth


You had 9 spell levels left.
You didn't know any spells.
Your spell library contained the following spells:

 Spells                   Type           Power      Damage    Failure   Level
 Beastly Appendage        Tmut           0%         N/A       38%         1
 Wereblood                Tmut           0%         N/A       52%         2
 Spider Form              Tmut/Pois      0%         N/A       77%         3
 Tukima's Dance           Hex            0%         N/A       77%         3
 Anguish                  Hex/Necr       0%         N/A       99%         4
 Enfeeble                 Hex            0%         N/A       100%        7

Inventory:

Hand Weapons
 a - a +0 short sword {short}
 c - a +1 dagger of venom {short}
   (You took it off a kobold on level 1 of the Dungeon)
 h - the +11 quarterstaff of the Hurling Gods (weapon) {vamp, MP+9 Dex-4 SInv, staff}
   (You found it on level 5 of the Dungeon)

   It occasionally heals its wielder for a portion of the damage dealt when it
   wounds a living foe.
   Dex:       It affects your dexterity (-4).
   MP:        It affects your magic capacity (+9).
   SInv:      It lets you see invisible.
Missiles
 b - 150 stones (quivered) {throwing}
 o - 6 atropa-tipped darts {throwing}
 p - 15 poisoned darts {throwing}
Magical Staves
 s - a staff of cold {forbidden!astaff}
   (You found it on level 3 of the Dungeon)
 A - a staff of poison {forbidden!astaff}
   (You found it on level 7 of the Dungeon)
Jewellery
 n - a ring of ice
   (You found it on level 2 of the Dungeon)
 r - an amulet of magic regeneration {@e2}
   (You found it on level 3 of the Dungeon)
 x - an amulet of the acrobat (around mantle)
   (You found it on level 7 of the Dungeon)
Wands
 d - a wand of charming (10)
   (You found it on level 5 of the Dungeon)
 u - a wand of mindburst (15)
   (You found it on level 6 of the Dungeon)
 v - a wand of paralysis (6)
   (You found it on level 6 of the Dungeon)
 w - a wand of iceblast (3)
   (You found it on level 6 of the Dungeon)
Scrolls
 e - 3 scrolls of immolation {!r!r}
 f - 3 scrolls of magic mapping {!r}
 i - 3 scrolls of teleportation {@r4}
 j - 4 scrolls of identify {@r1}
 l - a scroll of fog {unknown}
 q - a scroll of enchant weapon
 t - 2 scrolls of fear {unknown}
 y - a scroll of vulnerability {unknown}
Potions
 g - a potion of cancellation {unknown}
 k - a potion of resistance {unknown}
 m - a potion of berserk rage {!q}
 z - 2 potions of degeneration {unknown}
 B - a potion of mutation {!q}
 C - 3 potions of flight
 D - a potion of experience {unknown}

Dungeon Overview and Level Annotations

Branches:
Dungeon (8/15)             Temple (0/1) D:7
   Lair: D:8-11

Altars:
Makhleb
Sif Muna

Shops:
D:2 (*?=*   D:7 :

Annotations:
D:3 3 runed translucent doors, khangoldenlief's ghost, amateur HOMo

.### ##.. ... ....
#. .# ...# #..# ...
.# #...# ..## .... #
#...# #..# ##....
####...# #..#
#...... ..##...#
#..###....# ...#...#
##.......#
.......####...).@y##
#............###yy#
##.........### ##..#
##....##...# #..#
##...####..# ...#
.#....##..### #..(.
............# .....
............ ....(
.........##..


You could see 3 killer bees.


Message History

No target in view!
You start resting.
You are no longer berserk.
You are exhausted.
You feel yourself slow down. 😎 HP[-33]
You now have 72 max hp (-36).
Unknown command.
Things that are here:
a +3 battleaxe of freezing {axe}; a +0 robe
Things that are here:
a +0 spear {polearm}; a +0 robe
Things that are here:
a +3 battleaxe of freezing {axe}; a +0 robe
Things that are here:
a +3 falchion of freezing {long}; a +0 robe
b - 153 stones {throwing} (gained 1) Key pressed, stopping explore.
You feel yourself speed up.
You now have 419 gold pieces (gained 12).
You recover from your berserk rage.
You hear the steady creaking of a very distant portcullis.
i - 3 scrolls of teleportation {@r4} (gained 1)
You see here a +0 dagger {short}.
A killer bee comes into view.
The killer bee buzzes angrily.
You hear an angry buzzing noise.
A killer bee comes into view. x2
There are monsters nearby!
There are monsters nearby!
There are monsters nearby!
You throw a stone {throwing}. The killer bee buzzes angrily.
The stone {throwing} hits the killer bee.
You throw a stone {throwing}.
The stone {throwing} completely misses the killer bee.
The stone {throwing} closely misses the killer bee.
You throw a stone {throwing}.
The stone {throwing} barely misses the killer bee. x2
The killer bee misses you.
You closely miss the killer bee. Your grab misses the killer bee.
The killer bee misses you. x2
You miss the killer bee. You grab the killer bee. You squeeze the killer bee.
You constrict the killer bee. The killer bee stings you!
You are poisoned.
The killer bee poisons you! The killer bee stings you.
You are more poisoned.
The killer bee poisons you! The killer bee misses you.
You are too injured to fight recklessly!
You are too injured to fight recklessly!
You are too injured to fight recklessly!
You are too injured to fight recklessly!
You are too injured to fight recklessly!
You are too injured to fight recklessly!
You are too injured to fight recklessly!
You are too injured to fight recklessly!
You are too injured to fight recklessly!
You are too injured to fight recklessly!
You are too injured to fight recklessly!
You are too injured to fight recklessly!
You are too injured to fight recklessly!
You are too injured to fight recklessly! 😕 HP[-14]
You take 14 damage, and now have 58/72 hp.
Unknown command.
You closely miss the killer bee. You squeeze the killer bee.
You constrict the killer bee.
You feel very sick. The killer bee closely misses you.
The killer bee escapes!
The killer bee misses you. x2; The killer bee completely misses you.
The killer bee stings you!
The killer bee closely misses you. 😮 HP[-12]
You take 12 damage, and now have 46/72 hp.
You barely miss the killer bee. Your grab misses the killer bee.
You feel very sick. The killer bee misses you. The killer bee stings you!
* * * LOW HITPOINT WARNING * * *
The killer bee stings you!
* * * LOW HITPOINT WARNING * * *
The killer bee stings you!
* * * LOW HITPOINT WARNING * * *
The killer bee misses you.
The killer bee closely misses you. 😱 HP[-28]
You take 28 damage, and now have 18/72 hp.
MASSIVE DAMAGE!! (PAUSE)
Okay, then.
Okay, then.
Okay, then.
Your skin crawls.
You feel strong-willed.
You feel sick. The killer bee stings you.
* * * LOW HITPOINT WARNING * * *
You are more poisoned.
The killer bee poisons you! The killer bee stings you!
* * * LOW HITPOINT WARNING * * *
The killer bee misses you. The killer bee stings you.
* * * LOW HITPOINT WARNING * * *
The killer bee stings you.
* * * LOW HITPOINT WARNING * * *
The killer bee stings you!
You die...

Skill      XL: |  1  2  3  4  5  6  7  8  9 10 |
---------------+-------------------------------+-----
Stealth        | 1 2 3 4 5 6 7 9 |  9.2
Dodging        | 4 5 7 8 |  8.7
Throwing       | 1 2 3 4 |  4.6
Short Blades   | 4 |  4.2
Fighting       | 4 6 7 8 |  8.0
Staves         | |  0.2

Action                   |  1- 3 |  4- 6 |  7- 9 | 10-12 || total
-------------------------+-------+-------+-------+-------++-------
Melee: Dagger            |    41 |   109 |    12 |       ||   162
       Tentacles         |    10 |    29 |    25 |     5 ||    69
       Short sword       |     2 |       |       |       ||     2
       Constrict         |     9 |    22 |    13 |     3 ||    47
       Punch             |       |     2 |     1 |       ||     3
       Quarterstaff      |       |       |   117 |    14 ||   131
Throw: Stone             |    87 |   121 |   110 |     5 ||   323
       Dart              |       |     1 |       |       ||     1
Invok: Berserk           |       |     2 |     7 |     1 ||    10
       Trog's Hand       |       |     1 |       |     1 ||     2
Evoke: Wand              |       |       |     1 |       ||     1
  Use: Potion            |       |     7 |     2 |       ||     9
       Scroll            |       |     4 |       |       ||     4
 Stab: Distracted        |       |     1 |       |       ||     1
       Sleeping          |       |     2 |     2 |       ||     4
Armor: Skin              |     1 |    19 |     5 |       ||    25
Dodge: Dodged            |    18 |    46 |   122 |    18 ||   204

Levels and vault maps discovered:
D:1:      dpeg_arrival_rhombi, layout_basic
D:2:      layout_basic, serial_shops, shop, shop, shop,
          nicolae_shop_statue_plus, nicolae_shop_stone,
          hellmonk_ecumenical_altar_lost_god
D:3:      layout_rooms, lemuel_tele_altar, lightli_temple_of_fire,
          gammafunk_ghost_nasty_kobolds
D:4:      layout_loops_ring, nicolae_hepliaklqana_hazy_memory, uniq_natasha,
          uniq_robin, uniq_pikel
D:5:      layout_rooms, lemuel_flame_loot_1
D:6:      layout_loops_corners, grunt_decor_fettered, uniq_duvessa,
          uniq_blork_the_orc
D:7:      layout_basic, temple_statues, serial_shops, shop
D:8:      layout_layer_cave, enter_bailey_3, serial_shops, shop,
          minmay_orc_keep, uniq_erica

Notes
Turn   | Place    | Note
-------+----------+-------------------------------------------
     0 | D:1      | spaghetti the Octopode Berserker began the quest for the
                  | Orb.
     0 | D:1      | Reached XP level 1. HP: 16/16 MP: 1/1
     0 | D:1      | magus.rc [v1.9.6]
    99 | D:1      | Reached skill level 1 in Stealth
   254 | D:1      | Reached XP level 2. HP: 21/21 MP: 2/2
   687 | D:1      | Reached skill level 2 in Stealth
   977 | D:1      | Reached ** piety under Trog
  1071 | D:1      | Reached XP level 3. HP: 26/26 MP: 3/3
  1643 | D:2      | Reached skill level 3 in Stealth
  1643 | D:2      | Reached XP level 4. HP: 25/31 MP: 4/4
  1804 | D:2      | Found Odoapu's Jewellery Emporium.
  1854 | D:2      | Found Zeits's Assorted Antiques.
  2041 | D:2      | Found Mamainem's Magic Scroll Shop.
  2121 | D:2      | Found a faded altar of an unknown god.
  2413 | D:2      | Found Toudduacs's Assorted Antiques.
  2504 | D:2      | Found Zaidenei's Antique Weapon Shop.
  2723 | D:3      | Found a shimmering blue altar of Sif Muna.
  2769 | D:3      | Reached skill level 4 in Dodging
  2811 | D:3      | You pick up a book of Changes {forbidden} and begin
                  | reading...
  2811 | D:3      | You add the spells Beastly Appendage, Wereblood and Spider
                  | Form to your library.
  2946 | D:3      | Found a runed translucent gate.
  2946 | D:3      | Found a runed translucent gate.
  2946 | D:3      | Found a runed translucent gate.
  2947 | D:3      | Noticed a kobold brigand
  2959 | D:3      | Noticed khangoldenlief's ghost (amateur HOMo)
  3046 | D:3      | Noticed an orc warrior
  3053 | D:3      | Reached XP level 5. HP: 36/36 MP: 5/5
  3058 | D:3      | Reached skill level 4 in Stealth
  3065 | D:3      | Killed an orc warrior
  3066 | D:3      | Reached skill level 1 in Throwing
  3066 | D:3      | Reached XP level 6. HP: 27/42 MP: 6/6
  3075 | D:3      | Gained mutation: You expend magic power (3 MP) to
                  | strengthen your wands. [potion of mutation]
  3075 | D:3      | Gained mutation: Your muscles are strong. (Str +2) [potion
                  | of mutation]
  3075 | D:3      | HP: 8/42 [something (5)]
  3439 | D:3      | Found a burning altar of Makhleb.
  3805 | D:4      | Noticed Robin
  3814 | D:4      | Killed Robin
  3814 | D:4      | Reached *** piety under Trog
  3929 | D:4      | You fall into a shaft and drop 2 floors!
  4094 | D:6      | Noticed Duvessa
  4094 | D:6      | Noticed Dowan
  4103 | D:6      | Killed Duvessa
  4104 | D:6      | Reached skill level 4 in Short Blades
  4104 | D:6      | Reached skill level 5 in Stealth
  4106 | D:6      | Killed Dowan
  4107 | D:6      | Reached skill level 5 in Dodging
  4107 | D:6      | Reached XP level 7. HP: 43/47 MP: 7/7
  4292 | D:6      | Reached skill level 2 in Throwing
  4331 | D:6      | Reached skill level 6 in Stealth
  4345 | D:5      | Entered Level 5 of the Dungeon
  4384 | D:5      | Identified the +11 quarterstaff of the Hurling Gods {vamp,
                  | MP+9 Dex-4 SInv}
  4617 | D:5      | Lost mutation: Your muscles are strong. (Str +2) [potion of
                  | mutation]
  4617 | D:5      | Lost mutation: You expend magic power (3 MP) to strengthen
                  | your wands. [potion of mutation]
  4617 | D:5      | Gained mutation: Your mind is acute. (Int +2) [potion of
                  | mutation]
  4617 | D:5      | Gained mutation: Your system is resistant to poisons.
                  | (rPois) [potion of mutation]
  4618 | D:5      | Lost mutation: Your system is resistant to poisons. (rPois)
                  | [potion of mutation]
  4618 | D:5      | Lost mutation: Your mind is acute. (Int +2) [potion of
                  | mutation]
  4618 | D:5      | Gained mutation: You occasionally shout uncontrollably at
                  | your foes. [potion of mutation]
  4651 | D:5      | Reached skill level 4 in Fighting
  4757 | D:5      | HP: 12/48 [sky beast (5)]
  5300 | D:6      | Reached XP level 8. HP: 54/54 MP: 8/8
  5308 | D:6      | Reached skill level 6 in Dodging
  5476 | D:6      | Noticed Blork the orc
  5480 | D:6      | Killed Blork the orc
  5481 | D:6      | Reached skill level 5 in Fighting
  5628 | D:6      | Reached skill level 7 in Stealth
  5930 | D:7      | Found a staircase to the Ecumenical Temple.
  6017 | D:7      | Noticed a slime creature
  6038 | D:7      | Killed a slime creature
  6088 | D:7      | Noticed a slime creature
  6096 | D:7      | HP: 13/56 [slime creature (6)]
  6099 | D:7      | Noticed a slime creature
  6100 | D:7      | Killed a slime creature
  6101 | D:7      | Reached skill level 7 in Dodging
  6338 | D:7      | Killed a slime creature
  6339 | D:7      | Reached skill level 6 in Fighting
  6339 | D:7      | Reached skill level 3 in Throwing
  6339 | D:7      | Reached XP level 9. HP: 30/62 MP: 9/9
  6598 | D:7      | HP: 8/93 [slime creature (17)]
  6600 | D:7      | Reached skill level 8 in Stealth
  7212 | D:7      | Reached skill level 7 in Fighting
  7226 | D:7      | Reached skill level 4 in Throwing
  7226 | D:7      | Reached skill level 8 in Dodging
  7863 | D:7      | Reached skill level 9 in Stealth
  8117 | D:7      | Found Owata's Book Emporium.
  8276 | D:8      | Reached XP level 10. HP: 61/72 MP: 10/10
  8506 | D:8      | You pick up a book of Maledictions {forbidden} and begin
                  | reading...
  8506 | D:8      | You add the spells Tukima's Dance, Anguish and Enfeeble to
                  | your library.
  8537 | D:8      | Reached skill level 8 in Fighting
  8600 | D:8      | HP: 18/72 [killer bee (7)]
  8601 | D:8      | HP: 6/72 [killer bee (5)]
  8601 | D:8      | Slain by a killer bee

Vanquished Creatures
  6 slime creatures (D:7)
  A wyvern (D:7)
  Duvessa (D:6)
  An orc warrior (D:3)
  2 sky beasts
  2 black bears
  2 ogres (D:6)
  A centaur (D:7)
  A phantom (D:7)
  Blork the orc (D:6)
  A kobold brigand (D:8)
  A bullfrog (D:7)
  A necrophage (D:8)
  3 wights (D:8)
  Dowan (D:6)
  8 killer bees
  A howler monkey (D:5)
  3 hounds
  A jelly (D:7)
  A gnoll shaman (D:7)
  2 iguanas
  2 orc wizards (D:3)
  Robin (D:4)
  8 adders
  6 gnolls (D:7)
  An ufetubus (D:5)
  2 worms (D:2)
  2 dart slugs (D:1)
  2 orcs
  4 ball pythons
  8 endoplasms
  4 giant cockroaches
  16 goblins
  7 hobgoblins
  5 quokkas
  5 bats
  A frilled lizard (D:2)
  10 kobolds
  3 rats
128 creatures vanquished.

Vanquished Creatures (others)
  A fungus (D:3)
  3 plants (D:3)
4 creatures vanquished.

Grand Total: 132 creatures vanquished

Table legend:
 A = Non-vault XP
 B = Vault XP
 C = Vault XP percentage of total XP
 D = Non-vault monster count
 E = Vault monster count
 F = Vault count percentage of total count
                 A         B        C        D         E       F
            +---------+---------+-------+---------+---------+-------
      Total |    4612 |     345 |   7.0 |     116 |      12 |   9.4
            +---------+---------+-------+---------+---------+-------
        D:1 |      42 |       0 |   0.0 |      22 |       0 |   0.0
        D:2 |      85 |       0 |   0.0 |      19 |       0 |   0.0
        D:3 |     260 |       0 |   0.0 |      21 |       0 |   0.0
        D:4 |      20 |      32 |  61.5 |       5 |       9 |  64.3
        D:5 |     290 |       0 |   0.0 |       7 |       0 |   0.0
        D:6 |     576 |     313 |  35.2 |       7 |       3 |  30.0
        D:7 |    2938 |       0 |   0.0 |      27 |       0 |   0.0
        D:8 |     401 |       0 |   0.0 |       8 |       0 |   0.0
            +---------+---------+-------+---------+---------+-------

Illustrated notes

Table legend:
 A = Kills in this place as a percentage of kills in entire the game.
 B = Kills by you in this place as a percentage of kills by you in the entire game.
 C = Kills by friends in this place as a percentage of kills by friends in the entire game.
 D = Other kills in this place as a percentage of other kills in the entire game.
 E = Experience gained in this place as a percentage of experience gained in the entire game.
 F = Experience gained in this place divided by the number of levels of this place that you have seen.
                   A       B       C       D       E      F
               +-------+-------+-------+-------+-------+----------------------
         Total | 100.0 | 100.0 |   N/A |   N/A | 100.0 | 619.6
       Dungeon | 100.0 | 100.0 |   N/A |   N/A | 100.0 | 619.6
               +-------+-------+-------+-------+-------+----------------------

Table legend: (Time is in decaauts)
 A = Elapsed time spent in this place.
 B = Non-inter-level travel time spent in this place.
 C = Inter-level travel time spent in this place.
 D = Time resting spent in this place.
 E = Time spent auto-exploring this place.
 F = Levels seen in this place.
 G = Mean time per level.
                   A        B        C        D        E       F      G
               +--------+--------+--------+--------+--------+-----+--------+
         Total |   8703 |   8392 |    311 |   1961 |   5407 |   8 | 1087.9 |
       Dungeon |   8703 |   8392 |    311 |   1961 |   5407 |   8 | 1087.9 |
               +--------+--------+--------+--------+--------+-----+--------+

Top non-repeatable levels by time:
     D:7: 1925 daAuts
     D:1: 1584 daAuts
     D:6: 1553 daAuts
     D:2: 1072 daAuts
     D:3: 1055 daAuts
     D:5: 904 daAuts
     D:8: 383 daAuts
     D:4: 223 daAuts
